 Dungeon Crawl Stone Soup version 0.17-a0-977-g4154171 (webtiles) character file.

215 Hanyuu the Insei (level 5, -2/33 HPs)
             Began as an Octopode Transmuter on May 10, 2015.
             Killed by divine providence
             ... invoked by an orc priest
              (15 damage)
             ... on level 4 of the Dungeon.
             The game lasted 00:07:40 (2959 turns).

Hanyuu the Insei (Octopode Transmuter)              Turns: 2959, Time: 00:07:40

Health: -2/33      AC:  2    Str:  9    XL:     5   Next: 92%
Magic:  6/8        EV: 20    Int: 16    God:
Gold:   91         SH:  0    Dex: 18    Spells: 3 memorised, 2 levels left

rFire  . . .     SeeInvis .       - Unarmed
rCold  . . .     Clarity  .     (shield currently unavailable)
rNeg   . . .     SustAb   .     (helmet currently unavailable)
rPois  x         Gourm    .     (no amulet)
rElec  .         Spirit   .     (no ring)
rCorr  .         Warding  .     (no ring)
rMut   .         Stasis   .     (no ring)
MR     .....                    (no ring)
Stlth  ++........               (no ring)
                                (no ring)
                                (no ring)
                                (no ring)

@: spider-form (expiring), not resistant to hostile enchantments, unstealthy
A: almost no armour, amphibious, 8 rings, (constrict 8), (camouflage 0),
(gelatinous body 0)
a: End Transformation


You were on level 4 of the Dungeon.
You were not hungry.
You were a venomous arachnid creature.
You visited 1 branch of the dungeon, and saw 4 of its levels.

You collected 91 gold pieces.

Inventory:

Missiles
 a - 27 arrows
 m - 10 poisoned needles
Scrolls
 d - a scroll of enchant armour {unknown}
 i - a scroll of teleportation
 o - a scroll of amnesia
Potions
 e - a potion of resistance {unknown}
 g - 3 potions of might
 h - a potion of cancellation {unknown}
 j - a potion of heal wounds {unknown}
 l - 2 potions of curing {unknown}
 n - 3 potions of lignification
Books
 b - a book of Changes

   Spells                             Type                      Level
   a - Beastly Appendage              Transmutation                1
   b - Sticks to Snakes               Transmutation                2
   c - Spider Form                    Transmutation/Poison         3
   d - Ice Form                       Ice/Transmutation            4
   e - Blade Hands                    Transmutation                5
Comestibles
 c - 4 bread rations
 f - 5 meat rations
 k - a chunk of flesh
 p - a slice of pizza


   Skills:
 - Level 1.1 Fighting
 - Level 2.0 Dodging
 * Level 5.7 Unarmed Combat
 - Level 2.0 Spellcasting
 + Level 3.3 Transmutations


You had 2 spell levels left.
You knew the following spells:

 Your Spells              Type           Power        Failure   Level  Hunger
a - Beastly Appendage     Trmt           ##....       21%         1    #......
b - Sticks to Snakes      Trmt           ##........   24%         2    ###....
c - Spider Form           Trmt/Pois      #.........   56%         3    ###....


Dungeon Overview and Level Annotations

Branches:
Dungeon (4/15)
 Temple: D:4-7

Altars:
Ru
Xom


Innate Abilities, Weirdness & Mutations

You cannot wear most types of armour.
You are amphibious.
You can wear up to eight rings at the same time.
((You can use your tentacles to constrict eight enemies at once.))
((Your skin changes colour to match your surroundings (Stealth).))
((Your rubbery body absorbs attacks (AC +1).))


Message History

The orc priest is poisoned.
The sheep burns!
The orc priest hits you but does no damage.
A giant gecko comes into view.
You barely miss the orc priest.
Your transformation is almost over.
The hobgoblin shouts!
The sheep burns!
The sheep explodes!
The orc priest misses you. The orc misses you.
You hit the orc priest.
The orc priest is moderately wounded.
The orc priest hits you with a dagger. x2
The orc completely misses you.
You bite the orc priest!
You kill the orc priest!
The orc priest hits you with a dagger.
You barely miss the orc. The orc barely misses you.
The orc priest mumbles some strange prayers to Beogh against you.
Something smites you!
You die...

..##..###...........
..##...##§§§§§.§§.....
#........§§....§§§...
#..............§.§..####
##..........._....#g....
##..................#...
#......................
#..........%....oo.#
................so.#
....................#
........................
...................l....
........................
......<............?....
................%.......
#.......................
###..........#


You could see an orc priest, 2 orcs, a giant gecko and a hobgoblin.

Vanquished Creatures
  An orc priest (D:4)
  Terence (D:2)
  Natasha (thrice) (D:2)
  6 adders
  An ooze (D:1)
  3 worms (D:3)
  4 giant geckos
  2 orcs (D:3)
  7 giant cockroaches
  4 goblins
  9 hobgoblins
  5 kobolds
  A quokka (D:2)
  2 ball pythons (D:1)
  7 bats
  7 giant newts
  7 rats
  A bush (D:2)
71 creatures vanquished.

Vanquished Creatures (others)
  5 sheep (D:4)
5 creatures vanquished.

Grand Total: 76 creatures vanquished

Notes
Turn   | Place    | Note
--------------------------------------------------------------
     0 | D:1      | Hanyuu, the Octopode Transmuter, began the quest for the Orb.
     0 | D:1      | Reached XP level 1. HP: 13/13 MP: 3/3
   189 | D:1      | Reached XP level 2. HP: 15/18 MP: 5/5
   200 | D:1      | Learned a level 2 spell: Sticks to Snakes
   670 | D:2      | Found a sacrificial altar of Ru.
   690 | D:2      | Reached skill level 4 in Unarmed Combat
   698 | D:2      | Noticed Terence
   737 | D:2      | Killed Terence
   737 | D:2      | Reached XP level 3. HP: 16/23 MP: 4/6
   742 | D:2      | Learned a level 3 spell: Spider Form
  1001 | D:2      | Noticed Natasha
  1009 | D:2      | Killed Natasha
  1009 | D:2      | Reached XP level 4. HP: 20/28 MP: 3/7
  1154 | D:2      | Noticed Natasha
  1162 | D:2      | Killed Natasha
  1185 | D:2      | Noticed Natasha
  1189 | D:2      | Killed Natasha
  1189 | D:2      | Reached skill level 5 in Unarmed Combat
  1972 | D:2      | Reached XP level 5. HP: 17/33 MP: 5/8
  2949 | D:4      | Found a shimmering altar of Xom.
  2959 | D:4      | Killed from afar by an orc priest

Vault maps used:
D:1:      ncdulo_halloftheorcs, minmay_shallow_snake_nest
D:2:      serial_park_square1, overflow_temple_1_default, uniq_natasha,
          uniq_terence
D:4:      lemuel_coloured_pillars_altar, first_bread, grunt_ministairs_3,
          kb_xom_exploding_sheep

Action                   |  1- 3 |  4- 6 || total
-------------------------+-------+-------++-------
Melee: Unarmed           |    55 |   200 ||   255
 Cast: Sticks to Snakes  |     2 |       ||     2
       Spider Form       |     1 |     5 ||     6
       Beastly Appendage |     1 |     2 ||     3
  Use: Scroll            |     2 |     4 ||     6
 Stab: Sleeping          |     3 |     4 ||     7
  Eat: Chunk             |       |     8 ||     8
